 Dungeon Crawl Stone Soup version 0.22.0-49-gab54619674 (webtiles) character file.

88 Azzok the Ruffian (level 4, 8/35 HPs)
             Began as a Demonspawn Fighter on Sept 5, 2018.
             Quit the game on level 2 of the Dungeon.
             The game lasted 00:01:14 (1237 turns).

Azzok the Ruffian (Demonspawn Fighter)              Turns: 1237, Time: 00:01:14

Health: 8/35       AC:  8    Str: 16    XL:     4   Next: 29%
Magic:  4/4        EV:  9    Int: 11    God:
Gold:   86         SH:  0    Dex: 12    Spells: 3/3 levels left

rFire    . . .     SeeInvis .     - Unarmed
rCold    + . .     Gourm    .   (no shield)
rNeg     + . .     Faith    .   a - +0 scale mail
rPois    .         Spirit   .   (helmet restricted)
rElec    .         Reflect  .   (no cloak)
rCorr    .         Harm     .   (no gloves)
MR       .....                  (no boots)
Stlth    ..........             (no amulet)
HPRegen  0.11/turn              g - ring of positive energy
MPRegen  0.09/turn              (no ring)

@: no status effects
A: antennae 1, icy blue scales 1, cold resistance 1
a: no special abilities


You were on level 2 of the Dungeon.
You were not hungry.

You visited 1 branch of the dungeon, and saw 2 of its levels.

You collected 86 gold pieces.

Inventory:

Armour
 a - a +0 scale mail (worn)
 b - a +0 shield
Jewellery
 e - a cursed -2 ring of evasion {unknown}
 g - a ring of positive energy (left hand)
Scrolls
 h - a scroll of magic mapping {unknown}
 i - a scroll of remove curse {unknown}
Potions
 c - a potion of might
Comestibles
 d - 4 rations


   Skills:
 - Level 3.0 Fighting
 - Level 2.6 Armour
 - Level 2.6 Shields
 + Level 4.2 Unarmed Combat


You had 3 spell levels left.
You didn't know any spells.
Your spell library was empty.

Dungeon Overview and Level Annotations

Branches:
Dungeon (2/15)

Altars:


Innate Abilities, Weirdness & Mutations

You have a pair of small antennae on your head.
You are partially covered in icy blue scales. (AC +2)
Your flesh is cold resistant. (rC+)


Message History

The bullfrog hits you.
You hit the bullfrog but do no damage.
The bullfrog is heavily wounded.
The bullfrog barely misses you. The bullfrog completely misses you.
You hit the bullfrog.
The bullfrog is almost dead.
The bullfrog hits you.
* * * LOW HITPOINT WARNING * * *
You punch the bullfrog!
You kill the bullfrog!
Your Unarmed Combat skill increases to level 4!
You have reached level 3!
Your experience leads to an increase in your attributes!
Increase (S)trength, (I)ntelligence, or (D)exterity?
You feel clever.
Your demonic ancestry asserts itself...
You feel resistant to cold.
You have reached level 4!
You feel clever.
Your demonic ancestry asserts itself...
A pair of antennae grows on your head!
Are you sure you want to abandon this character and quit the game? (Confirm

▒···▒ ··
▒···▒▒▒▒▒··
·▒▒▒▒·····=····
···············
···············
······$·····( ··
▒··†······▒ ▒··
▒··@▒ ··· ▒···▒
▒·▒ ▒···▒ ▒·▒
▒···▒
▒·▒▒▒▒▒▒▒▒▒▒···▒
▒············▒·▒
▒▒▒··▒▒▒▒▒··▒▒·(·▒
·····▒···▒·····▒▒▒
▒▒▒▒·▒······(··▒


There were no monsters in sight!

Vanquished Creatures
  A bullfrog (D:2)
  A dart slug (D:1)
  A giant cockroach (D:1)
  2 goblins (D:1)
  2 hobgoblins (D:1)
  4 kobolds (D:1)
  A quokka (D:2)
  3 ball pythons (D:1)
  4 bats (D:1)
  3 rats (D:1)
22 creatures vanquished.

Notes
Turn   | Place    | Note
-------+----------+-------------------------------------------
     0 | D:1      | Azzok the Demonspawn Fighter began the quest for the Orb.
     0 | D:1      | Reached XP level 1. HP: 18/18 MP: 1/1
    60 | D:1      | Reached skill level 2 in Unarmed Combat
   323 | D:1      | Gained mutation: You are partially covered in icy blue
                  | scales. (AC +2) [demonic ancestry]
   323 | D:1      | Reached XP level 2. HP: 22/24 MP: 2/2
   998 | D:1      | Reached skill level 3 in Unarmed Combat
  1226 | D:2      | Noticed a bullfrog
  1236 | D:2      | Killed a bullfrog
  1236 | D:2      | Reached skill level 4 in Unarmed Combat
  1236 | D:2      | Gained mutation: Your flesh is cold resistant. (rC+)
                  | [demonic ancestry]
  1236 | D:2      | Reached XP level 3. HP: 6/29 MP: 3/3
  1236 | D:2      | Gained mutation: You have a pair of small antennae on your
                  | head. [demonic ancestry]
  1236 | D:2      | Reached XP level 4. HP: 8/35 MP: 4/4
  1237 | D:2      | Quit the game

Skill      XL: |  1  2 |
---------------+-------+-----
Unarmed Combat | 2 4 |  4.2
Fighting       | |  3.0
Armour         | |  2.6
Shields        | |  2.6

Action                   |  1- 3 |  4- 6 || total
-------------------------+-------+-------++-------
Melee: Unarmed           |   116 |       ||   116
       Punch             |     2 |       ||     2
  Eat: Chunk             |     1 |       ||     1
Armor: Scale mail        |    41 |       ||    41
Dodge: Dodged            |    52 |       ||    52
